 Dungeon Crawl Stone Soup version 0.30.1-11-g7821555f0a (webtiles) character file.

Game seed: 15947997574967495570

76 Jerry the Trooper (level 3, 0/31 HPs)
             Began as a Demigod Fighter on Dec 13, 2023.
             Slain by a phantom (2 damage)
             ... on level 3 of the Dungeon.
             The game lasted 00:03:43 (1768 turns).

Jerry the Trooper (Demigod Fighter)                 Turns: 1768, Time: 00:03:44

Health: 0/31       AC:  6    Str: 17    XL:     3   Next: 89%
Magic:  5/5        EV:  9    Int: 10    God:
Gold:   105        SH:  5    Dex: 17    Spells: 2/2 levels left

rFire   . . .        a - +0 war axe
rCold   . . .        c - +0 buckler
rNeg    . . .        b - +0 scale mail
rPois   .            (no helmet)
rElec   .            n - scarf {shadows}
rCorr   .            (no gloves)
SInv    .            (no boots)
Will    .....        (no amulet) Stlth
                     (no ring)
HPRegen 0.25/turn    (no ring)
MPRegen 0.09/turn

%: no passive effects
@: no status effects
A: high MP 1, forlorn, divine attributes
a: no special abilities


You were on level 3 of the Dungeon.
You visited 1 branch of the dungeon, and saw 3 of its levels.

You collected 105 gold pieces.

Inventory:

Hand Weapons
 a - a +0 war axe (weapon)
Armour
 b - a +0 scale mail (worn)
 c - a +0 buckler (worn)
 n - a scarf of shadows (worn)
Scrolls
 e - 2 scrolls of teleportation {unknown}
 g - 3 scrolls of identify {unknown}
 h - a scroll of enchant weapon {unknown}
 l - a scroll of noise {unknown}
 m - a scroll of poison {unknown}
 o - a scroll of summoning {unknown}
 p - a scroll of vulnerability {unknown}
 q - a scroll of torment {unknown}
Potions
 d - 2 potions of might
 f - a potion of haste {unknown}
 i - a potion of heal wounds {unknown}
 j - a potion of lignification {unknown}
 k - a potion of invisibility {unknown}
 r - a potion of degeneration {unknown}
 s - a potion of curing {unknown}


   Skills:
 + Level 3.2 Fighting
 * Level 2.7 Axes
 + Level 3.1 Armour
 + Level 3.1 Shields


You had 2 spell levels left.
You didn't know any spells.
Your spell library contained the following spells:

 Spells                   Type           Power      Damage    Failure   Level
 Ensorcelled Hibernation  Hex/Ice        0%         N/A       94%         2
 Spider Form              Tmut/Pois      0%         N/A       99%         3
 Anguish                  Hex/Necr       0%         N/A       100%        4


Dungeon Overview and Level Annotations

Branches:
Dungeon (3/15)


Innate Abilities, Weirdness & Mutations

You have an increased reservoir of magic. (+10% MP)
You shall have no god before yourself.
Your divine heritage dramatically boosts your attributes as you level up.


Message History

The phantom hits you.
You completely miss the phantom.
The phantom is moderately damaged.
The phantom hits you.
The phantom blinks!
You blink.
The phantom hits you but does no damage.
You slash the phantom!
The phantom is heavily damaged.
You hit the giant cockroach.
The giant cockroach bites you but does no damage. x2
The phantom hits you but does no damage.
You miss the phantom.
The phantom is heavily damaged.
You slash the giant cockroach!
You kill the giant cockroach!
You block the phantom's attack.
You closely miss the phantom.
The phantom is heavily damaged.
The phantom hits you. x2; The phantom blinks!
You blink.
You closely miss the phantom.
The phantom is heavily damaged.
You block the phantom's attack.
You closely miss the phantom.
The phantom is heavily damaged.
The phantom hits you. x2
* * * LOW HITPOINT WARNING * * *
The phantom blinks!
You blink.
You hit the phantom.
The phantom is heavily damaged.
You block the phantom's attack.
You slash the phantom!
The phantom is severely damaged.
The phantom hits you.
* * * LOW HITPOINT WARNING * * *
The phantom blinks!
You blink.
The phantom hits you.
* * * LOW HITPOINT WARNING * * *
The phantom blinks!
You blink.
You barely miss the phantom.
The phantom is severely damaged.
The phantom hits you.
You die...

#.........#..).....#######
#..........###.#######....
#..........# #.##....'....
##.........###.##.####....
##########......##.####....
#......†..>................
#.########..######.####....
#........#..# #.# #....
#§.#.§..<.@.# #.# #####
#.$#.#####W#######.# #..#.#
#..§......# ####.#
########### #.# #.# #.# #§#
#.+


You could see a phantom.

Vanquished Creatures
  An adder (D:2)
  A worm (D:2)
  2 dart slugs
  An orc (D:2)
  An endoplasm (D:2)
  3 giant cockroaches
  6 goblins
  3 hobgoblins
  10 jackals
  A quokka (D:2)
  7 ball pythons
  9 bats
  6 frilled lizards
  A kobold (D:1)
  3 rats
55 creatures vanquished.

Notes
Turn   | Place    | Note
-------+----------+-------------------------------------------
     0 | D:1      | Jerry the Demigod Fighter began the quest for the Orb.
     0 | D:1      | Reached XP level 1. HP: 18/18 MP: 3/3
   265 | D:1      | Reached XP level 2. HP: 25/25 MP: 4/4
   961 | D:2      | Reached XP level 3. HP: 31/31 MP: 5/5
  1750 | D:3      | Noticed a phantom
  1768 | D:3      | Slain by a phantom

Illustrated notes

Levels and vault maps discovered:
D:1:      dpeg_arrival_tiny_b, layout_loops_corners
D:2:      layout_basic
D:3:      layout_basic, mainiacjoe_overflow_big_doors, lemuel_doored_altar

Skill      XL: |  1  2 |
---------------+-------+-----
Axes           | 2 |  2.7
Shields        | 3 |  3.1
Fighting       | 3 |  3.2
Armour         | 3 |  3.1

Action                     || total
---------------------------++-------
  Melee: War axe           ||   143
 Armour: Scale mail        ||    89
  Dodge: Dodged            ||    89
  Block: Buckler           ||    38
